 Dungeon Crawl Stone Soup version 0.27.1-33-g824d729ab1 (webtiles) character file.

Game seed: 11383854822560549653

56 DenSaoPin the Chucker (level 3, 0/33 HPs)
             Began as an Ogre Arcane Marksman on Nov 30, 2021.
             Was a Follower of Dithmenos.
             Slain by Natasha (2 damage)
             ... on level 2 of the Dungeon.
             The game lasted 00:06:52 (1446 turns).

DenSaoPin the Chucker (Ogre Arcane Marksman)        Turns: 1446, Time: 00:06:53

Health: 0/33       AC:  4    Str: 14    XL:     3   Next: 95%
Magic:  4/4        EV:  9    Int: 14    God:    Dithmenos [*.....]
Gold:   68         SH:  0    Dex: 10    Spells: 3/4 levels left

rFire    . . .     SeeInvis .   i - +0 trident
rCold    . . .     Faith    .   (no shield)
rNeg     . . .     Spirit   .   a - +0 robe
rPois    .         Reflect  .   (helmet restricted)
rElec    .         Harm     .   f - +0 cloak
rCorr    .         Rampage  .   (gloves unavailable)
Will     .....                  (boots unavailable)
Stlth    +.........             (no amulet)
HPRegen  0.11/turn              (no ring)
MPRegen  0.09/turn              (no ring)

@: mighty, hasted and slowed, wreathed by umbra
A: large, unfitting armour, tough skin 1
a: Renounce Religion


You were on level 2 of the Dungeon.
You worshipped Dithmenos.
Dithmenos was aware of your devotion.
You visited 1 branch of the dungeon, and saw 2 of its levels.

You collected 68 gold pieces.

Inventory:

Hand Weapons
 e - a +0 dagger
 g - a +0 hand axe
 i - a +0 trident (weapon)
Missiles
 b - 4 large rocks
 c - 2 throwing nets
 d - 8 poisoned darts (quivered)
 p - 23 stones
Armour
 a - a +0 robe (worn)
 f - a +0 cloak (worn)
Jewellery
 j - a ring of poison resistance
Scrolls
 k - a scroll of identify {unknown}
 l - a scroll of vulnerability {unknown}
 o - a scroll of holy word {unknown}


   Skills:
 - Level 1.3 Fighting
 + Level 1.6 Polearms
 + Level 3.1 Throwing
 - Level 1.7 Dodging
 - Level 1.2 Spellcasting
 - Level 2.6 Hexes
 + Level 1.5 Invocations


You had 3 spell levels left.
You knew the following spells:

 Your Spells              Type           Power      Damage    Failure   Level
a - Corona                Hex            8%         N/A       9%          1

Your spell library contained the following spells:

 Spells                   Type           Power      Damage    Failure   Level
 Slow                     Hex            8%         N/A       13%         2
 Magic Dart               Conj           0%         1d3       26%         1
 Call Imp                 Summ           0%         N/A       36%         2
 Inner Flame              Hex/Fire       4%         N/A       41%         3
 Portal Projectile        Hex/Tloc       8%         N/A       41%         3
 Mephitic Cloud           Conj/Pois/Air  0%         N/A       61%         3
 Cause Fear               Hex            4%         N/A       65%         4


Dungeon Overview and Level Annotations

Branches:
Dungeon (2/15)

Altars:
Dithmenos

Annotations:
D:2 Natasha


Innate Abilities, Weirdness & Mutations

You are too large for most types of armour.
You have tough skin. (AC +1)


Message History

Natasha claws you!
The crimson imp hits you but does no damage.
You barely miss Natasha.
Natasha is moderately wounded.
The crimson imp disappears in a puff of smoke!
Natasha claws you.
* * * LOW HITPOINT WARNING * * *
Natasha stares at you and mumbles some strange words.
You resist with some effort.
Natasha stares at you and mumbles some strange words.
You feel yourself slow down.
There is a stone staircase leading up here.
It was a potion of curing.
You feel better.
Natasha casts a spell.
Natasha claws you but does no damage.
It was a potion of might.
You feel very mighty all of a sudden. Natasha barely misses you.
The white imp gestures at you. The puff of frost hits you!
* * * LOW HITPOINT WARNING * * *
You feel better. Natasha closely misses you. The white imp barely misses you.
Natasha closely misses you.
The white imp hits you but does no damage.
It was a potion of haste.
You feel yourself speed up. Natasha claws you but does no damage.
The white imp gestures at you. The puff of frost hits you!
* * * LOW HITPOINT WARNING * * *
You closely miss Natasha.
Natasha is moderately wounded.
Natasha barely misses you. The white imp barely misses you.
You closely miss Natasha.
Natasha is moderately wounded.
Natasha claws you but does no damage. The white imp hits you.
* * * LOW HITPOINT WARNING * * *
The white imp freezes you.
* * * LOW HITPOINT WARNING * * *
Natasha claws you.
You die...

#.# #.#.# #.#.#
#.#.#
#.#.###########
#.#.#..........
#.#.#.#.##.##.
#....###.#.#
##5@## ##.h#
#.#h###.#†#
#.#..#.##.#
#.#.#.## .#
#.#.#....?(.#
#.#.#####.#.#
#.#.# .# #.#.#
.# #....


You could see Natasha and a white imp (summoned).

Vanquished Creatures
  2 adders (D:2)
  A worm (D:2)
  A dart slug (D:1)
  2 ball pythons
  A bat (D:2)
  2 endoplasms (D:1)
  A giant cockroach (D:1)
  2 goblins (D:1)
  5 hobgoblins
  3 jackals (D:1)
  3 kobolds (D:1)
  9 rats (D:1)
32 creatures vanquished.

Notes
Turn   | Place    | Note
-------+----------+-------------------------------------------
     0 | D:1      | DenSaoPin the Ogre Arcane Marksman began the quest for the
                  | Orb.
     0 | D:1      | Reached XP level 1. HP: 19/19 MP: 2/2
   573 | D:1      | Reached XP level 2. HP: 27/27 MP: 3/3
   597 | D:1      | Found a faded altar of an unknown god.
   642 | D:1      | Became a worshipper of Dithmenos the Shadowed
   642 | D:1      | Reached * piety under Dithmenos
  1017 | D:1      | Reached skill level 1 in Polearms
  1063 | D:1      | Reached XP level 3. HP: 31/33 MP: 4/4
  1095 | D:1      | Reached skill level 1 in Invocations
  1286 | D:2      | Reached skill level 3 in Throwing
  1421 | D:2      | Noticed Natasha
  1446 | D:2      | Slain by Natasha

Illustrated notes

Levels and vault maps discovered:
D:1:      roderic_octagonal_star, layout_rooms, basic_ecumenical_altar,
          minmay_rat_gold_closets
D:2:      layout_loops_ring, serial_shops, shop_fountains,
          kennysheep_minor_cross, uniq_natasha

Skill      XL: |  1  2  3 |
---------------+----------+-----
Polearms       | 1 |  1.6
Invocations    | 1 |  1.5
Throwing       | 3 |  3.1
Fighting       | |  1.3
Dodging        | |  1.7
Spellcasting   | |  1.2
Hexes          | |  2.6

Action                   || total
-------------------------++-------
Melee: Unarmed           ||     6
       Trident           ||    71
Throw: Dart              ||    66
 Cast: Corona            ||     1
  Use: Potion            ||     4
 Stab: Sleeping          ||     1
Armor: Robe              ||    33
Dodge: Dodged            ||    42
